Map: Efflorescence LE

Players

CmAd - Winner!

  • Race: Terran Terran
  • League: Diamond
  • Spawn Location: 12:00

Cuervo - Winner!

  • Race: Protoss Protoss
  • League: Diamond
  • Spawn Location: 3:00

qqq

  • Race: Zerg Zerg
  • Spawn Location: 9:00

Massa

  • Race: Terran Terran
  • League: Platinum
  • Spawn Location: 6:00

VOD

Have the link to the VOD?

Description

Time

  • Played on: March 6, 2021, 12:20 p.m.
  • Length: 9:52
Show
View Real Time Build Order
Export as new Build Order

CmAd Terran - Winner!

Build Orders: 1/1/1, Banshee Rush 

Get SALT Encoding   

  12  0:00  SCV  
  13  0:12  SCV  
  14  0:18  Supply Depot  
  14  0:24  SCV  
  15  0:31  Refinery  
  15  0:40  SCV  
  16  0:45  Barracks  
  16  0:55  SCV  
  17  1:07  SCV  
  18  1:13  Refinery  
  18  1:19  SCV  
  19  1:37  Supply Depot  
  19  1:42  Orbital Command, Factory  
  19  1:52  Barracks Tech Lab  
  19  2:08  SCV  
  20  2:20  SCV  
  21  2:28  Starport, Marine  
  22  2:34  Widow Mine  
  24  2:40  SCV  
  24  2:41  Command Center  
  25  2:46  Marine  
  25  2:50  Supply Depot  
  26  3:02  SCV  
  26  3:05  Banshee  
  30  3:16  Marine  
  30  3:18  Cloaking Field  
  31  3:21  SCV  
  31  3:23  Widow Mine  
  34  3:48  Banshee  
  37  3:49  SCV  
  37  3:52  Factory Tech Lab  
  37  3:55  Marine  
  39  4:02  SCV  
  40  4:05  Barracks  
  40  4:10  Siege Tank  
  40  4:16  Orbital Command  
  43  4:22  Marine  
  42  4:31  Banshee  
  43  4:56  Marine  
  44  5:01  SCV  
  44  5:02  SCV  
  44  5:03  Barracks Tech Lab  
  44  5:06  Barracks  
  46  5:13  SCV  
  46  5:14  SCV, Marine  
  48  5:19  Refinery, Supply Depot  
  48  5:20  Supply Depot  
  49  5:21  Banshee  
  49  5:26  SCV x2  
  54  5:36  Siege Tank  
  45  6:08  Banshee  
  44  6:22  Marine  
  44  6:25  Siege Tank  
  42  6:46  Barracks Reactor, Stimpack  
  40  6:48  Barracks Reactor  
  39  6:54  Barracks  
  39  6:56  Engineering Bay x2  
  39  6:58  SCV x2  
  39  6:59  Barracks  
  39  7:00  Starport Reactor, Barracks  
  41  7:10  SCV x2  
  41  7:12  Marine  
  44  7:22  SCV x2  
  46  7:23  Marine  
  46  7:24  Marine x3  
  46  7:29  Marine  
  50  7:34  SCV x2  
  53  7:38  Medivac x2  
  53  7:39  Supply Depot  
  53  7:42  Marine  
  58  7:46  SCV x2, Terran Infantry Weapons Level 1  
  58  7:47  Marine  
  61  7:58  SCV  
  61  7:59  SCV  
  63  8:10  SCV  
  63  8:11  SCV, Marine x2  
  63  8:12  Marine x3  
  64  8:21  Marine x2  
  64  8:22  Marine  
  64  8:23  SCV, Medivac x2  
  64  8:26  Supply Depot x2  
  72  8:29  Marine  
  72  8:32  Marine x2  
  72  8:34  Command Center  
  75  8:39  Marine x2  
  77  8:44  SCV  
  77  8:47  Supply Depot  
  77  8:48  SCV, Supply Depot  
  79  8:50  Supply Depot  
  79  8:53  Marine x2, Medivac  
  79  8:55  Barracks Reactor  
  80  9:13  Marine  
  80  9:14  Marine x3  
  81  9:22  Marine  
  79  9:25  Marine x2  
  85  9:31  Marine x2  
Show
View Real Time Build Order
Export as new Build Order

Cuervo Protoss - Winner!

Build Orders: 1 Gate Expand, Blink Stalkers 

Get SALT Encoding   

  12  0:00  Probe  
  13  0:12  Probe  
  14  0:18  Pylon  
  14  0:25  Probe (Chrono Boost)  
  15  0:38  Probe (Chrono Boost)  
  15  0:40  Gateway  
  16  0:43  Probe (Chrono Boost)  
  17  0:52  Probe  
  17  0:53  Assimilator  
  18  1:04  Probe  
  19  1:28  Nexus  
  19  1:40  Cybernetics Core  
  19  1:43  Probe  
  20  1:48  Assimilator  
  20  1:55  Probe  
  20  2:02  Pylon  
  20  2:07  Probe (Chrono Boost)  
  21  2:16  Adept  
  21  2:18  Warp Gate  
  21  2:21  Probe (Chrono Boost)  
  24  2:29  Probe  
  24  2:30  Twilight Council  
  25  2:40  Probe (Chrono Boost)  
  25  2:42  Probe (Chrono Boost)  
  27  2:48  Stalker  
  30  2:51  Probe (Chrono Boost)  
  30  2:52  Probe (Chrono Boost)  
  31  3:02  Robotics Facility  
  31  3:15  Probe x2  
  33  3:33  Blink (Chrono Boost)  
  33  3:34  Probe x2  
  33  3:37  Gateway  
  35  3:44  Gateway  
  35  3:46  Probe  
  35  3:47  Gateway  
  36  3:49  Probe  
  37  3:58  Probe  
  37  4:01  Probe  
  39  4:03  Observer  
  40  4:10  Probe  
  40  4:13  Probe  
  40  4:14  Pylon  
  40  4:16  Stalker  
  39  4:39  Stalker  
  39  4:40  Stalker x2  
  45  4:50  Probe  
  47  4:52  Probe  
  47  4:54  Warp Prism  
  47  4:56  Stalker  
  51  5:02  Probe  
  51  5:05  Probe  
  53  5:14  Probe  
  53  5:17  Pylon  
  54  5:22  Pylon  
  42  5:43  Probe  
  42  5:46  Assimilator  
  42  5:48  Immortal  
  47  5:52  Assimilator  
  47  5:56  Stalker  
  49  5:57  Stalker x3  
  47  6:21  Stalker x4  
  49  6:45  Probe, Immortal  
  54  6:49  Probe  
  54  6:52  Sentry  
  54  6:53  Sentry  
  59  6:56  Zealot x2  
  64  7:01  Probe (Chrono Boost)  
  64  7:02  Probe (Chrono Boost)  
  64  7:06  Gateway  
  65  7:09  Gateway  
  65  7:12  Pylon  
  65  7:15  Probe (Chrono Boost)  
  66  7:17  Sentry  
  66  7:18  Sentry  
  70  7:25  Pylon  
  70  7:28  Probe  
  70  7:29  Probe  
  70  7:36  Sentry  
  74  7:40  Probe  
  74  7:41  Probe  
  76  7:46  Immortal (Chrono Boost)  
  80  7:52  Probe  
  80  7:53  Pylon  
  80  7:54  Pylon  
  81  8:37  Stalker x6  
  87  9:16  Stalker x6  
Show
View Real Time Build Order
Export as new Build Order

qqq Zerg 

Build Orders: Hatch First 

Get SALT Encoding   

  12  0:01  Drone  
  13  0:12  Drone  
  14  0:18  Overlord  
  14  0:46  Hatchery  
  13  0:50  Drone  
  13  0:52  Drone  
  13  0:57  Drone  
  16  1:13  Drone  
  17  1:20  Spawning Pool  
  17  1:22  Extractor  
  17  1:24  Drone  
  17  1:40  Drone x2  
  17  1:45  Drone  
  19  1:59  Drone  
  20  2:04  Drone  
  20  2:06  Queen  
  20  2:08  Queen  
  25  2:14  Drone  
  26  2:19  Overlord  
  26  2:25  Metabolic Boost  
  26  2:29  Drone  
  27  2:33  Drone  
  28  2:40  Evolution Chamber  
  28  2:41  Drone  
  28  2:43  Drone  
  29  2:50  Drone  
  30  2:56  Overlord  
  30  2:57  Drone  
  32  2:58  Drone  
  32  3:00  Drone  
  33  3:15  Zerg Melee Weapons Level 1  
  33  3:18  Zergling x8  
  37  3:21  Zergling x2  
  37  3:23  Overlord  
  37  3:26  Zergling x2  
  39  3:28  Zergling x2  
  39  3:30  Zergling x2  
  39  3:32  Zergling x2  
  42  3:46  Zergling x4  
  44  3:52  Overlord x2  
  44  3:53  Overlord  
  44  4:04  Overlord  
  44  4:21  Zergling x6  
  44  4:22  Zergling x8  
  48  4:25  Hatchery  
  44  4:45  Zergling x10  
  42  4:50  Zergling x2  
  45  5:00  Spore Crawler  
  45  5:02  Spore Crawler  
  45  5:03  Drone x2  
  45  5:04  Zergling x6  
  44  5:15  Zergling x4  
  44  5:16  Drone  
  44  5:17  Zergling x2  
  48  5:22  Lair  
  48  5:23  Drone, Zergling x2  
  50  5:32  Zergling x2  
  50  5:33  Zergling x6  
  50  5:45  Drone  
  50  5:51  Zerg Ground Armor Level 1  
  50  5:52  Drone, Zergling x2  
  50  5:53  Zergling x8  
  51  6:32  Zergling x2  
  51  6:33  Drone, Zergling x10  
  51  6:34  Zergling x12  
  54  6:50  Infestation Pit  
  54  6:52  Hydralisk Den  
  54  6:53  Drone x5  
  54  6:54  Drone, Evolution Chamber  
  57  6:56  Extractor, Queen  
  58  7:04  Drone  
  58  7:05  Drone, Overlord  
  60  7:09  Extractor  
  60  7:10  Extractor  
  60  7:13  Spore Crawler  
  60  7:15  Overseer x2  
  56  7:19  Pneumatized Carapace  
  56  7:20  Drone  
  56  7:21  Drone, Zergling x4  
  56  7:22  Zergling x2  
  61  7:43  Drone x4  
  61  7:44  Overlord x2  
  65  7:45  Hydralisk, Zergling x4  
  69  7:52  Zerg Missile Weapons Level 1  
  63  8:18  Hydralisk x4  
  69  8:24  Drone x3  
  72  8:28  Drone  
  72  8:29  Drone x2  
  72  8:30  Hydralisk x2  
  72  8:31  Drone x2  
  81  8:36  Drone x2  
  83  8:48  Hydralisk x2  
  66  9:13  Hydralisk x2  
  66  9:14  Hydralisk x4  
  70  9:18  Zergling x12  
  70  9:27  Zergling x10  
  75  9:33  Zergling x2  
Show
View Real Time Build Order
Export as new Build Order

Massa Terran 

Build Orders: 2 Factory, Cyclone Opening 

Get SALT Encoding   

  12  0:00  SCV  
  13  0:12  SCV  
  14  0:17  Supply Depot  
  14  0:24  SCV  
  15  0:39  SCV  
  15  0:40  Barracks  
  16  0:51  SCV  
  16  0:54  Refinery  
  16  0:56  Refinery  
  17  1:03  SCV  
  18  1:15  SCV  
  19  1:27  SCV  
  19  1:29  Marine  
  19  1:31  Supply Depot  
  21  1:39  Orbital Command  
  21  1:49  Factory  
  21  2:06  SCV  
  22  2:11  Factory  
  22  2:12  Reaper  
  23  2:18  SCV  
  24  2:32  Factory Tech Lab  
  25  2:37  SCV  
  25  2:41  Supply Depot  
  25  2:45  Barracks Tech Lab  
  25  2:50  Cyclone  
  28  2:54  Mag-Field Accelerator  
  28  3:15  Cyclone  
  28  3:19  Supply Depot  
  31  3:32  Command Center  
  31  3:38  Cyclone  
  34  3:50  Cyclone  
  37  4:00  Marine  
  38  4:18  Cyclone  
  38  4:21  SCV  
  42  4:26  Cyclone  
  45  4:33  SCV  
  42  4:53  Cyclone  
  42  4:59  Marine  
  46  5:06  Engineering Bay  
  46  5:10  Supply Depot  
  46  5:12  Siege Tank  
  46  5:13  Supply Depot  
  49  5:17  Marine  
  49  5:20  Barracks  
  50  5:23  Barracks  
  50  5:27  Orbital Command  
  50  5:35  Marine, Supply Depot  
  39  5:57  Missile Turret  
  39  6:00  Missile Turret  
  39  6:22  Cyclone x2  
  36  6:47  Barracks Reactor, Barracks Tech Lab  
  36  6:48  Barracks Tech Lab  
  36  6:51  SCV x2  
  38  6:54  Cyclone x2  
  44  7:03  SCV x2  
  46  7:08  Terran Infantry Weapons Level 1  
  46  7:10  Missile Turret  
  46  7:15  SCV  
  46  7:16  SCV, Missile Turret  
  46  7:18  Stimpack  
  46  7:20  Missile Turret  
  48  7:28  SCV x2  
  50  7:32  Refinery  
  50  7:35  Refinery  
  50  7:40  SCV x2  
  49  8:18  Siege Tank x2  
  46  8:21  Marauder x2, Marine x2  
  46  8:24  Combat Shield  
  52  8:30  SCV x2  
  54  8:37  Command Center  
  54  8:39  Marine x2  
  54  8:40  Starport  
  56  8:42  SCV x2, Marauder  
  60  8:52  Barracks  
  60  8:54  SCV, Barracks x2  
  61  8:57  Supply Depot  
  61  8:58  Supply Depot  
  61  9:00  Supply Depot  
  53  9:18  Marauder x2, Marine x2  
Tags
 
Add a new tag
Caveats
  • Supply blocks, unpowered buildings, or Contaminate may cause inaccurate times.
  • Supply counts are checked every 10 seconds.